 Dungeon Crawl Stone Soup version 0.27.0 (webtiles) character file.

Game seed: 9625822990507105341

2 apoch the Poker (level 1, 0/13 HPs)
             Began as a Gnoll Wanderer on July 31, 2021.
             Slain by a gnoll (5 damage)
             ... on level 1 of the Dungeon.
             The game lasted 00:00:34 (120 turns).

apoch the Poker (Gnoll Wanderer)                     Turns: 120, Time: 00:00:35

Health: 0/13       AC:  3    Str: 11    XL:     1   Next: 30%
Magic:  1/1        EV: 11    Int: 11    God:
Gold:   7          SH:  4    Dex: 11    Spells: 0/0 levels left

rFire    . . .     SeeInvis .   a - +0 club
rCold    . . .     Faith    .   d - +0 buckler
rNeg     . . .     Spirit   .   e - +0 leather armour
rPois    .         Reflect  .   (no helmet)
rElec    .         Harm     .   (no cloak)
rCorr    .         Rampage  .   (no gloves)
Will     .....                  (no boots)
Stlth    ++........             (no amulet)
HPRegen  0.04/turn              (no ring)
MPRegen  0.07/turn              (no ring)

@: no status effects
A: fangs 1, strong nose, distributed training
a: no special abilities


You were on level 1 of the Dungeon.
You visited 1 branch of the dungeon, and saw 1 of its levels.

You collected 7 gold pieces.

Inventory:

Hand Weapons
 a - a +0 club (weapon)
 f - a +0 dagger
Missiles
 b - 4 throwing nets (quivered)
Armour
 d - a +0 buckler (worn)
 e - a +0 leather armour (worn)
Potions
 c - a potion of curing


   Skills:
 + Level 0.0 Fighting
 + Level 0.0 Short Blades
 + Level 0.0 Long Blades
 + Level 0.0 Axes
 + Level 0.0 Maces & Flails
 + Level 4.4 Polearms
 + Level 0.0 Staves
 + Level 0.0 Slings
 + Level 0.0 Bows
 + Level 0.0 Crossbows
 + Level 0.0 Throwing
 + Level 0.0 Armour
 + Level 2.3 Dodging
 + Level 4.0 Stealth
 + Level 2.3 Shields
 + Level 0.0 Unarmed Combat
 + Level 0.0 Spellcasting
 + Level 0.0 Conjurations
 + Level 0.0 Hexes
 + Level 0.0 Summonings
 + Level 0.0 Necromancy
 + Level 0.0 Translocations
 + Level 0.0 Transmutations
 + Level 1.9 Fire Magic
 + Level 0.0 Ice Magic
 + Level 3.6 Air Magic
 + Level 0.0 Earth Magic
 + Level 0.0 Poison Magic
 + Level 0.1 Invocations
 + Level 2.3 Evocations


You couldn't memorise any spells.
You didn't know any spells.
Your spell library was empty.

Dungeon Overview and Level Annotations

Branches:
Dungeon (1/15)

Altars:


Innate Abilities, Weirdness & Mutations

You have very sharp teeth.
Your uncanny sense of smell can sniff out nearby items.
Your experience applies equally to all skills.


Message History

A ball python comes into view.
The ball python hisses angrily.
You hit the ball python.
The ball python is severely wounded.
The ball python bites you. The ball python grabs you.
The ball python constricts you. The ball python closely misses you.
The ball python constricts you.
You are too injured to fight recklessly!
You are too injured to fight recklessly!
You are too injured to fight recklessly!
You are too injured to fight recklessly!
You are too injured to fight recklessly!
You barely miss the ball python.
The ball python is severely wounded.
The ball python bites you. The ball python constricts you.
The ball python bites you but does no damage.
The ball python constricts you.
You closely miss the ball python. You bite the ball python.
You kill the ball python!
You see here a ball python corpse.
You start resting.
HP restored.
You see here a ball python corpse.
Found 7 gold pieces.
You now have 7 gold pieces.
A hobgoblin comes into view.
A gnoll comes into view. It is wielding a +0 spear.
The gnoll shouts!
The hobgoblin shouts!
Found a scroll labelled LYANIU UNIMM.
The hobgoblin hits you.
You hit the hobgoblin.
The hobgoblin is almost dead.
The hobgoblin hits you.
You hit the hobgoblin.
You kill the hobgoblin!
The gnoll hits you from afar with a +0 spear.
A frilled lizard comes into view.
The frilled lizard hisses angrily.
The gnoll hits you with a +0 spear.
You die...

#........l .....#....
.####
.........###...#
..... ..............#
...... #............
...... #..........#
...... #...g......#
####.#...
#...@.....###........
#...†................
#.....###............
#.......#
#........#...
#.......#
#........####
#?...####
#........#### #....
#.........†.. #....
###.####.#### ####
#.# #.#


You could see a gnoll and a frilled lizard.

Vanquished Creatures
  A hobgoblin (D:1)
  A ball python (D:1)
2 creatures vanquished.

Notes
Turn   | Place    | Note
-------+----------+-------------------------------------------
     0 | D:1      | apoch the Gnoll Wanderer began the quest for the Orb.
     0 | D:1      | apoch set off with the following items: a +0 club, 4
                  | throwing nets, a potion of curing, a +0 buckler, a +0
                  | leather armour, a +0 dagger
     0 | D:1      | Reached XP level 1. HP: 13/13 MP: 1/1
   120 | D:1      | Slain by a gnoll

Illustrated notes

Levels and vault maps discovered:
D:1:      wander_arrival_peaceful_grave, layout_basic

Action                   || total
-------------------------++-------
Melee: Club              ||     5
       Bite              ||     1
Armor: Leather armour    ||     1
Dodge: Dodged            ||     1
